 Dungeon Crawl Stone Soup version 0.31.0-12-g77e489cdc1 (webtiles) character file.

Game seed: 7010144817162563641

7911 ChrisAssaf the Apothecary (level 11, -6/67 HPs)
             Began as a Human Alchemist on Feb 18, 2024.
             Was a High Priest of Ru.
             Mangled by a death yak (23 damage)
             ... on level 11 of the Dungeon.
             The game lasted 00:51:45 (11045 turns).

ChrisAssaf the Apothecary (Human Alchemist)        Turns: 11045, Time: 00:51:46

Health: -6/67      AC: 11    Str: 10    XL:     11   Next: 22%
Magic:  12/17      EV: 12    Int: 29    God:    Ru [*****.]
Gold:   97         SH:  0    Dex: 12    Spells: 8/19 levels left

rFire   x . .        E - +4 battleaxe "Soptea" {elec, Fly rElec rPois Int+5}
rCold   + . .        (shield currently unavailable)
rNeg    . . .        m - +3 leather armour {rPois}
rPois   +            (no helmet)
rElec   +            (no cloak)
rCorr   .            f - +4 pair of gloves of Proximity {rElec rC++ Will- SInv}
SInv    +            (no boots)
Will    .....        (no amulet)
Stlth   ++           h - +6 ring of intelligence
HPRegen 0.31/turn    j - +5 ring of evasion
MPRegen 0.15/turn

%: no passive effects
@: mighty, flying
A: clumsy 1, reduced EV 1, unskilled 1, temperature sensitive, explore regen, no
forms, frail 1, screaming 1
a: Renounce Religion, Draw Out Power, Power Leap, Apocalypse


You were on level 11 of the Dungeon.
You worshipped Ru.
Ru was extremely pleased with you.
You visited 1 branch of the dungeon, and saw 11 of its levels.
You also visited: Bailey.

You collected 709 gold pieces.
You spent 612 gold pieces at shops.

Inventory:

Hand Weapons
 p - a +1 heavy arbalest
 E - the +4 battleaxe "Soptea" (weapon) {elec, Fly rElec rPois Int+5}
   (You found it on level 7 of the Dungeon)

   Int+5:     It affects your intelligence (+5).
   rElec:     It insulates you from electricity.
   rPois:     It protects you from poison Fly: It grants you flight.
Missiles
 s - 14 boomerangs (quivered)
 z - 5 darts of dispersal
 A - 2 throwing nets
Armour
 a - a +2 robe
 f - the +4 pair of gloves of Proximity (worn) {rElec rC++ Will- SInv}
   (You found it on level 3 of the Dungeon)

   rC++:      It greatly protects you from cold.
   rElec:     It insulates you from electricity.
   Will-:     It decreases your willpower.
   SInv:      It lets you see invisible.
 m - a +3 leather armour of poison resistance (worn)
 y - an orb of wrath
Jewellery
 h - a +6 ring of intelligence (left hand)
 j - a +5 ring of evasion (right hand)
 k - a +6 ring of dexterity
 B - a +6 ring of dexterity
Talismans
 c - a maw talisman
Wands
 g - a wand of charming (8)
 l - a wand of flame (11)
 t - a wand of roots (8)
Scrolls
 r - a scroll of amnesia
Potions
 b - a potion of brilliance {unknown}
 e - a potion of lignification {unknown}
 n - 3 potions of curing
 q - 3 potions of invisibility
 u - 2 potions of berserk rage
 v - a potion of enlightenment
 w - a potion of resistance {unknown}
 x - 4 potions of heal wounds
 D - a potion of magic
 F - a potion of cancellation {unknown}
Miscellaneous
 i - a phial of floods


   Skills:
 * Level 3.5 Fighting
 * Level 3.8 Short Blades
 * Level 3.5(4.4) Axes
 - Level 3.9(4.6) Polearms
 * Level 4.3 Ranged Weapons
 * Level 2.1 Throwing
 * Level 3.7 Armour
 * Level 4.4 Dodging
 * Level 4.9 Stealth
 * Level 4.6 Spellcasting
 * Level 3.9 Conjurations
 * Level 2.0 Translocations
 * Level 3.7 Air Magic
 * Level 5.0 Alchemy
 * Level 3.4 Evocations


You had 8 spell levels left.
You knew the following spells:

 Your Spells              Type           Power      Damage    Failure   Level
a - Sting                 Conj/Alch      100%       1d9       1%          1
b - Mercury Vapours       Alch/Air       64%        N/A       2%          2
c - Mephitic Cloud        Conj/Alch/Air  31%        N/A       4%          3
d - Olgreb's Toxic Radia  Alch           35%        N/A       11%         4
e - Apportation           Tloc           36%        N/A       3%          1

Your spell library contained the following spells:

 Spells                   Type           Power      Damage    Failure   Level
 Dazzling Flash           Conj/Hex       36%        N/A       12%         3
 Jinxbite                 Hex            12%        N/A       13%         2
 Sticky Flame             Fire/Alch      21%        2d6       30%         4
 Alistair's Intoxication  Alch           23%        N/A       30%         5
 Anguish                  Hex/Necr       3%         N/A       65%         4
 Cause Fear               Hex            3%         N/A       65%         4
 Silence                  Hex/Air        8%         N/A       73%         5
 Curse of Agony           Necr           6%         N/A       94%         5
 Enfeeble                 Hex            3%         N/A       100%        7


Dungeon Overview and Level Annotations

Branches:
Dungeon (11/15)            Temple (0/1) D:4            Lair (0/5) D:11
 Bailey (visited)
    Orc: D:9-12

Altars:
Cheibriados
Makhleb
Okawaru
Qazlal
Ru
Trog
Uskayaw
Wu Jian
Xom
The Shining One

Shops:
D:5 :   D:8 (   D:10 !


Innate Abilities, Weirdness & Mutations

You are clumsy. (Dex -2)
You have somewhat slow reflexes. (EV -5)
You are somewhat unskilled. (-1 Apt)
You are sensitive to extremes of temperature. (rF-, rC-)
You regain HP and MP as you explore.
You cannot voluntarily change form.
You are frail. (-10% HP)
You occasionally shout uncontrollably at your foes.


Message History

You hit the yak.
You kill the yak!
You slash the yak!
You kill the yak!
The yak barely misses you.
You closely miss the yak.
The yak is moderately wounded.
The yak gores you but does no damage.
You hit the death yak but do no damage.
The death yak is lightly wounded.
The death yak gores you but does no damage.
You hit the death yak.
The death yak is lightly wounded.
You hit the yak but do no damage. Lightning courses through the yak!!
The yak barely misses you. The death yak closely misses you. The yak gores you.
The death yak is stunned by your conviction and fails to attack.
Unknown command.
You feel much better. The yak gores you!
You focus your inner power and slow the yak in retribution!
The death yak gores you.
You feel very mighty all of a sudden. The death yak gores you!
You barely miss the death yak.
The death yak is lightly wounded.
You hit the yak. The yak barely misses you.
The death yak gores you but does no damage.
You slice the death yak!!
The death yak is heavily wounded.
You slash the yak! Lightning courses through the yak!
You kill the yak!
The death yak gores you!
* * * LOW HITPOINT WARNING * * *
You focus your inner power and illuminate the death yak in retribution!
The death yak is stunned by your conviction and fails to attack.
Your Alchemy skill increases to level 5!
Unknown command.
You completely miss the death yak.
The death yak is heavily wounded.
The death yak gores you!!
You die...

...[................(....##
..............##########....#
......#.......+
...###.......###
...............+.
#..........###.
#..<.......+..#
#.....(..†.##.#
#.........@##.#
#.#......†Y##.#
#.............#
##########....##+# +.......#
.######...........
###.?.........#......... .
#.........###+#......... ..
...#..(.... .....~....


You could see a death yak (poisoned, corona).

Vanquished Creatures
  A death yak (D:11)
  Pikel (D:6)
  An orc knight (Bailey)
  A manticore (D:10)
  A troll (D:9)
  A hornet (D:10)
  A shadow (D:9)
  4 wyverns (D:9)
  5 yaks (D:11)
  A steam dragon (D:9)
  3 water moccasins
  9 orc warriors
  2 ice beasts (D:6)
  2 black bears
  A centaur (D:8)
  A phantom (D:6)
  2 kobold brigands
  2 bullfrogs
  3 gnoll sergeants
  A scorpion (D:7)
  10 wights
  3 bombardier beetles
  3 howler monkeys
  3 hounds
  5 orc priests
  2 iguanas
  3 sleepcaps
  9 orc wizards
  3 hell rats (D:11)
  23 gnolls
  8 adders
  2 river rats (D:11)
  A shadow imp (D:7)
  A white imp (D:5)
  7 dart slugs
  41 orcs
  8 endoplasms
  A giant cockroach (D:2)
  44 goblins
  25 hobgoblins
  4 jackals
  8 quokkas
  11 ball pythons
  6 bats
  2 frilled lizards
  19 kobolds
  4 rats
299 creatures vanquished.

Vanquished Creatures (others)
  2 orcs
2 creatures vanquished.

Grand Total: 301 creatures vanquished

Notes
Turn   | Place    | Note
-------+----------+-------------------------------------------
     0 | D:1      | ChrisAssaf the Human Alchemist began the quest for the Orb.
     0 | D:1      | Reached XP level 1. HP: 13/13 MP: 3/3
    90 | D:1      | Found a faded altar of an unknown god.
    96 | D:1      | Reached XP level 2. HP: 19/19 MP: 1/5
   180 | D:1      | Learned a level 2 spell: Mercury Vapours
   205 | D:1      | Prayed at the altar of an unknown god.
   205 | D:1      | Became a worshipper of Ru the Awakened
   213 | D:1      | Gained mutation: You are somewhat unskilled. (-1 Apt) [Ru
                  | sacrifice]
   213 | D:1      | Reduced skill Dodging to level 1
   213 | D:1      | Reduced skill Stealth to level 1
   213 | D:1      | Reduced skill Spellcasting to level 1
   213 | D:1      | Reduced skill Alchemy to level 2
   213 | D:1      | Reached * piety under Ru
   347 | D:1      | Reached skill level 1 in Conjurations
   381 | D:1      | Reached skill level 3 in Alchemy
   448 | D:1      | Reached XP level 3. HP: 15/24 MP: 0/6
   485 | D:1      | Learned a level 3 spell: Mephitic Cloud
   856 | D:1      | You fall into a shaft and drop 1 floor!
  1139 | D:2      | Found an ornate altar of the Wu Jian Council.
  1467 | D:2      | Reached XP level 4. HP: 31/31 MP: 7/7
  1928 | D:2      | Reached skill level 1 in Armour
  2562 | D:3      | Reached XP level 5. HP: 32/36 MP: 2/8
  2714 | D:3      | Gained mutation: You are sensitive to extremes of
                  | temperature. (rF-, rC-) [Ru sacrifice]
  2714 | D:3      | Reached ** piety under Ru
  2714 | D:3      | Reached *** piety under Ru
  2802 | D:3      | Identified a scroll of acquirement
  2802 | D:3      | Acquired a +1 demon trident of electrocution
  3319 | D:3      | Reached skill level 1 in Fighting
  3509 | D:3      | Reached XP level 6. HP: 42/43 MP: 9/9
  3534 | D:3      | Reached skill level 1 in Short Blades
  3712 | D:3      | Reached skill level 1 in Polearms
  3725 | D:3      | Identified the +4 pair of gloves of Proximity {rElec rC++
                  | Will- SInv}
  3891 | D:3      | Reached skill level 1 in Air Magic
  4095 | D:4      | Reached skill level 1 in Shapeshifting
  4142 | D:4      | Reached XP level 7. HP: 43/48 MP: 7/10
  4296 | D:4      | Found a staircase to the Ecumenical Temple.
  4517 | D:4      | Learned a level 4 spell: Olgreb's Toxic Radiance
  4677 | D:4      | Found a burning altar of Makhleb.
  4859 | D:4      | Found a stormy altar of Qazlal.
  4862 | D:4      | Found an iron altar of Okawaru.
  4863 | D:4      | Found a snail-covered altar of Cheibriados.
  4864 | D:4      | Found a bloodstained altar of Trog.
  4864 | D:4      | Found a hide-covered altar of Uskayaw.
  5230 | D:5      | Entered Level 5 of the Dungeon
  5261 | D:5      | Reached skill level 1 in Evocations
  5385 | D:5      | Reached XP level 8. HP: 56/56 MP: 2/12
  5520 | D:5      | Gained mutation: You are clumsy. (Dex -2) [Ru sacrifice]
  5520 | D:5      | Reached **** piety under Ru
  5625 | D:5      | Learned a level 1 spell: Apportation
  5632 | D:5      | Found Muklomun's Book Shoppe.
  5717 | D:5      | Reached skill level 1 in Ranged Weapons
  6512 | D:6      | Reached XP level 9. HP: 39/62 MP: 9/13
  6595 | D:6      | Noticed Pikel
  6610 | D:6      | Killed Pikel
  6611 | D:6      | Reached skill level 4 in Alchemy
  7536 | D:7      | Identified the +4 battleaxe "Soptea" {elec, Fly rElec rPois
                  | Int+5}
  7788 | D:8      | Found Awurekoi's Hydra Hut.
  7790 | D:8      | Noticed a four-headed hydra
  7830 | D:8      | Found a flagged portal.
  7838 | Bailey   | Entered a bailey
  7904 | Bailey   | Gained mutation: You cannot voluntarily change form. [Ru
                  | sacrifice]
  8103 | Bailey   | Noticed an orc knight
  8109 | Bailey   | Reached XP level 10. HP: 69/69 MP: 5/15
  8109 | Bailey   | Killed an orc knight
  8110 | Bailey   | Reached skill level 1 in Axes
  8110 | Bailey   | Reached skill level 1 in Throwing
  8110 | Bailey   | Reached skill level 1 in Translocations
  8136 | Bailey   | Identified the +0 plate armour of Apathy {Harm rPois rF-
                  | MP-9}
  9177 | D:8      | Found a shimmering altar of Xom.
  9180 | D:8      | Found a glowing golden altar of the Shining One.
 10067 | D:9      | Gained mutation: You have somewhat slow reflexes. (EV -5)
                  | [Ru sacrifice]
 10067 | D:9      | Reached ***** piety under Ru
 10214 | D:10     | Entered Level 10 of the Dungeon
 10220 | D:10     | Noticed a manticore
 10230 | D:10     | Killed a manticore
 10262 | D:10     | Found Kaesmeacs's Distillery.
 10281 | D:10     | Bought a potion of heal wounds for 85 gold pieces
 10281 | D:10     | Bought 2 potions of heal wounds for 170 gold pieces
 10281 | D:10     | Bought a potion of heal wounds for 85 gold pieces
 10281 | D:10     | Bought 2 potions of mutation for 272 gold pieces
 10281 | D:10     | Gained mutation: You have a pair of small antennae on your
                  | head. [potion of mutation]
 10281 | D:10     | Gained mutation: Your flesh is heat resistant. (rF+)
                  | [potion of mutation]
 10282 | D:10     | Lost mutation: You have a pair of small antennae on your
                  | head. [potion of mutation]
 10282 | D:10     | Lost mutation: Your flesh is heat resistant. (rF+) [potion
                  | of mutation]
 10282 | D:10     | Gained mutation: You are frail. (-10% HP) [potion of
                  | mutation]
 10282 | D:10     | Gained mutation: You occasionally shout uncontrollably at
                  | your foes. [potion of mutation]
 10313 | D:10     | Reached XP level 11. HP: 19/67 MP: 15/17
 10783 | D:10     | Identified the +0 chain mail of Zemyer {Int+3}
 10913 | D:11     | Noticed a death yak
 10913 | D:11     | Noticed a death yak
 10913 | D:11     | Noticed a death yak
 10913 | D:11     | Found a staircase to the Lair.
 10924 | D:11     | Killed a death yak
 10927 | D:11     | Noticed a purple ugly thing
 11045 | D:11     | Reached skill level 5 in Alchemy
 11045 | D:11     | Mangled by a death yak

Illustrated notes

Levels and vault maps discovered:
D:1:      wander_arrival_lonely_grave, layout_basic,
          nicolae_ecumenical_snake_handling
D:2:      layout_basic, basic_altar
D:3:      minmay_goblin_kobold_castle, layout_loops_ring, kennysheep_path_1,
          minmay_cut_off
D:4:      layout_gridville, mainiacjoe_overflow_six_doors_small,
          grunt_temple_overflow_open, minmay_temple_entry_arrows
D:5:      layout_loops_ring, serial_shops, shop
D:6:      layout_basic, uniq_pikel
D:7:      layout_basic
D:8:      layout_basic, minitemple, enter_bailey_7, grunt_decor_fettered,
          minivault_24, supply_closet_lemuel, doesnt_shop_hydraphobe
D:9:      layout_gridville
D:10:     layout_rooms, serial_shops, shop
D:11:     layout_basic, dpeg_lair_monsters

Skill      XL: |  1  2  3  4  5  6  7  8  9 10 11 |
---------------+----------------------------------+-----
Dodging        | 2 3 4 |  4.4
Stealth        | 2 3 4 |  4.9
Spellcasting   | 2 3 4 |  4.6
Conjurations   | 1 2 3 |  3.9
Alchemy        | 3 4 5 |  5.0
Armour         | 1 2 3 |  3.7
Fighting       | 1 2 3 |  3.5
Short Blades   | 1 2 3 |  3.8
Polearms       | 1 2 3 |  3.9
Air Magic      | 1 2 3 |  3.7
Shapeshifting  | 1 2 0 |  0.0
Evocations     | 1 2 3 |  3.4
Ranged Weapons | 2 3 4 |  4.3
Axes           | 3 |  3.5
Throwing       | 1 2 |  2.1
Translocations | 1 2 |  2.0

Action                     |  1- 3 |  4- 6 |  7- 9 | 10-12 || total
---------------------------+-------+-------+-------+-------++-------
  Melee: Unarmed           |     3 |       |       |       ||     3
         Dagger            |     6 |    59 |       |       ||    65
         Punch             |       |     3 |     2 |       ||     5
         Demon trident     |       |   147 |   112 |       ||   259
         Battleaxe         |       |       |     3 |   100 ||   103
   Fire: Arbalest          |       |       |    84 |       ||    84
  Throw: Boomerang         |       |       |       |     6 ||     6
         Dart              |       |       |       |     1 ||     1
   Cast: Sting             |    52 |    40 |    27 |     7 ||   126
         Mercury Vapours   |     9 |    11 |     7 |     1 ||    28
         Mephitic Cloud    |       |    10 |     3 |     2 ||    15
         Olgreb's Toxic Ra |       |       |    15 |    12 ||    27
 Invoke: Sacrifice Skill   |     1 |       |       |       ||     1
         Sacrifice Resista |       |     1 |       |       ||     1
         Draw Out Power    |       |       |     2 |       ||     2
         Power Leap        |       |       |     3 |     1 ||     4
         Sacrifice Purity  |       |       |     1 |       ||     1
         Sacrifice Forms   |       |       |     1 |       ||     1
         Sacrifice Health  |       |       |       |     1 ||     1
         Apocalypse        |       |       |       |     1 ||     1
  Evoke: Wand              |       |       |    14 |     3 ||    17
    Use: Potion            |     2 |     5 |       |     5 ||    12
         Scroll            |     3 |     4 |     5 |    10 ||    22
   Stab: Sleeping          |       |     5 |       |     2 ||     7
         Invisible         |       |     2 |     4 |       ||     6
         Distracted        |       |     1 |       |       ||     1
         Paralysed         |       |       |       |     5 ||     5
 Armour: Robe              |    72 |   166 |       |       ||   238
         Leather armour    |       |     6 |    90 |    98 ||   194
  Dodge: Dodged            |    94 |   300 |   168 |   113 ||   675
